 Dungeon Crawl Stone Soup version 0.29-a0-22-gbf593b16ee (webtiles) character file.

Game seed: 6345805443604536854

23 Ajdolov the Slicer (level 3, -8/28 HPs)
             Began as a Gnoll Wanderer on Jan 29, 2022.
             Mangled by a polar bear (17 damage)
             ... created by the rage of Trog
             ... on level 1 of the Dungeon.
             The game lasted 00:01:37 (520 turns).

Ajdolov the Slicer (Gnoll Wanderer)                  Turns: 520, Time: 00:01:38

Health: -8/28      AC:  3    Str: 11    XL:     3   Next: 0%
Magic:  7/7        EV: 11    Int: 11    God:
Gold:   21         SH:  0    Dex: 13    Spells: 6/7 levels left

rFire   . . .      SeeInvis .   a - +2 short sword
rCold   . . .      Faith    .   (no shield)
rNeg    . . .      Spirit   .   c - +0 robe
rPois   .          Reflect  .   (no helmet)
rElec   .          Harm     .   (no cloak)
rCorr   .          Rampage  .   b - +0 pair of gloves
Will    .....                   (no boots)
Stlth   ++........              (no amulet)
HPRegen 0.09/turn               (no ring)
MPRegen 0.10/turn               (no ring)

@: unable to read
A: fangs 1, strong nose, distributed training, wild magic 1, inability to read
while threatened
a: no special abilities


You were on level 1 of the Dungeon.
You visited 1 branch of the dungeon, and saw 1 of its levels.

You collected 21 gold pieces.

Inventory:

Hand Weapons
 a - a +2 short sword (weapon)
Armour
 b - a +0 pair of gloves (worn)
 c - a +0 robe (worn)
Scrolls
 e - a scroll of teleportation {unknown}


   Skills:
 + Level 2.5 Fighting
 + Level 10.4 Short Blades
 + Level 0.5 Long Blades
 + Level 0.5 Axes
 + Level 0.5 Maces & Flails
 + Level 0.5 Polearms
 + Level 0.5 Staves
 + Level 0.5 Slings
 + Level 0.5 Bows
 + Level 0.5 Crossbows
 + Level 2.5 Throwing
 + Level 0.5 Armour
 + Level 0.5 Dodging
 + Level 2.3 Stealth
 + Level 0.5 Shields
 + Level 0.5 Unarmed Combat
 + Level 2.7 Spellcasting
 + Level 0.4 Conjurations
 + Level 0.4 Hexes
 + Level 0.4 Summonings
 + Level 0.4 Necromancy
 + Level 0.4 Translocations
 + Level 0.4 Transmutations
 + Level 2.0 Fire Magic
 + Level 0.4 Ice Magic
 + Level 0.4 Air Magic
 + Level 0.4 Earth Magic
 + Level 0.4 Poison Magic
 + Level 0.7 Invocations
 + Level 0.5 Evocations


You had 6 spell levels left.
You knew the following spells:

 Your Spells              Type           Power      Damage    Failure   Level
a - Foxfire               Conj/Fire      20%        2x1d5     22%         1

Your spell library contained the following spells:

 Spells                   Type           Power      Damage    Failure   Level
 Ignite Poison            Fire/Tmut/Pois 4%         N/A       58%         3


Dungeon Overview and Level Annotations

Branches:
Dungeon (1/15)

Altars:
Trog


Innate Abilities, Weirdness & Mutations

You have very sharp teeth.
Your uncanny sense of smell can sniff out nearby items.
Your experience applies equally to all skills.
Your spells are a little harder to cast, but a little more powerful.
You sometimes lose the ability to read scrolls when taking damage.


Message History

You see here a scroll labelled BONOEN ZEINENUS.
The dart slug barely misses you.
You hit the dart slug but do no damage.
You bite the dart slug, but do no damage.
You hit the dart slug.
The dart slug is moderately wounded.
The dart slug launches a dart at you. The slug dart hits you.
You hit the dart slug.
The dart slug is almost dead.
You hit the dart slug.
You kill the dart slug!
You have reached level 3!
Your experience leads to an increase in your attributes!
Increase (S)trength, (I)ntelligence, or (D)exterity?
You feel stronger. x2
e - a scroll labelled BONOEN ZEINENUS You now have 21 gold pieces (gained 6).
Trog sends monsters to punish you. 2 black bears and 2 polar bears come into view.
You hit the black bear but do no damage.
Unknown command.
You barely miss the black bear. You closely miss the black bear.
You bite the black bear, but do no damage.
The black bear bites you. The black bear claws you. The black bear misses you.
The black bear rages.
The polar bear barely misses you.
The polar bear claws you but does no damage.
The polar bear claws you.
Okay, then.
It was a potion of mutation.
You feel extremely strange.
You lose the ability to read scrolls when threatened.
You feel less in control of your magic. The black bear bites you!
You feel threatened and lose the ability to read scrolls!
The black bear barely misses you. The black bear claws you.
The polar bear bites you!
Ouch! That really hurt!
You die...

#### #.# #... #.#
#... #.# #... #.#
#... ∆#.# #... #h#
#... #h###########
#...
#@hh........#####.
##########...####.
##....##. ##.#..#.
#.##... ####.###..
>.>..##..#
........##
..........


You could see 2 polar bears and 2 black bears.

Vanquished Creatures
  A dart slug (D:1)
  3 endoplasms (D:1)
  A giant cockroach (D:1)
  2 goblins (D:1)
  2 hobgoblins (D:1)
  4 quokkas (D:1)
  4 kobolds (D:1)
  A rat (D:1)
18 creatures vanquished.

Notes
Turn   | Place    | Note
-------+----------+-------------------------------------------
     0 | D:1      | Reached skill level 10 in Short Blades
     0 | D:1      | Ajdolov the Gnoll Wanderer began the quest for the Orb.
     0 | D:1      | Ajdolov set off with the following items: a +2 short sword,
                  | a +0 pair of gloves, a +0 robe; and the following spell
                  | memorised: Foxfire; and the following spells available to
                  | memorise: Ignite Poison
     0 | D:1      | Reached XP level 1. HP: 17/17 MP: 4/4
    30 | D:1      | Reached XP level 2. HP: 13/23 MP: 5/5
   184 | D:1      | Found a faded altar of an unknown god.
   186 | D:1      | Prayed at the altar of an unknown god.
   186 | D:1      | Became a worshipper of Trog the Wrathful
   186 | D:1      | Reached * piety under Trog
   447 | D:1      | Fell from the grace of Trog
   456 | D:1      | Reached XP level 3. HP: 25/28 MP: 7/7
   517 | D:1      | Noticed a black bear
   517 | D:1      | Noticed a polar bear
   517 | D:1      | Noticed a black bear
   517 | D:1      | Noticed a polar bear
   520 | D:1      | Gained mutation: You sometimes lose the ability to read
                  | scrolls when taking damage. [potion of mutation]
   520 | D:1      | Gained mutation: Your spells are a little harder to cast,
                  | but a little more powerful. [potion of mutation]
   520 | D:1      | Mangled by a polar bear

Illustrated notes

Levels and vault maps discovered:
D:1:      doesnt_arrival_eight_statues, layout_rooms,
          chequers_ecumenical_altar_twisty, patterned_corridor

Skill      XL: |  1 |
---------------+----+-----
Short Blades   | | 10.4
Fire Magic     | 2 |  2.0
Fighting       | |  2.5
Long Blades    | |  0.5
Axes           | |  0.5
Maces & Flails | |  0.5
Polearms       | |  0.5
Staves         | |  0.5
Slings         | |  0.5
Bows           | |  0.5
Crossbows      | |  0.5
Throwing       | |  2.5
Armour         | |  0.5
Dodging        | |  0.5
Stealth        | |  2.3
Shields        | |  0.5
Unarmed Combat | |  0.5
Spellcasting   | |  2.7
Conjurations   | |  0.4
Hexes          | |  0.4
Summonings     | |  0.4
Necromancy     | |  0.4
Translocations | |  0.4
Transmutations | |  0.4
Ice Magic      | |  0.4
Air Magic      | |  0.4
Earth Magic    | |  0.4
Poison Magic   | |  0.4
Invocations    | |  0.7
Evocations     | |  0.5

Action                   || total
-------------------------++-------
Melee: Short sword       ||    47
       Bite              ||     6
Invok: Renounce Religion ||     1
  Use: Potion            ||     1
 Stab: Sleeping          ||     2
Armor: Robe              ||     6
Dodge: Dodged            ||    19

Table legend: (Time is in decaauts)
 A = Elapsed time spent in this place.
 B = Non-inter-level travel time spent in this place.
 C = Inter-level travel time spent in this place.
 D = Time resting spent in this place.
 E = Time spent auto-exploring this place.
 F = Levels seen in this place.
 G = Mean time per level.
                   A        B        C        D        E       F      G
               +--------+--------+--------+--------+--------+-----+--------+
         Total |    500 |    500 |      0 |    127 |    288 |   1 |  500.0 |
       Dungeon |    500 |    500 |      0 |    127 |    288 |   1 |  500.0 |
               +--------+--------+--------+--------+--------+-----+--------+

Top non-repeatable levels by time:
     D:1: 500 daAuts
